 Dungeon Crawl Stone Soup version 0.20.1 (webtiles) character file.

112 polve the Cudgeler (level 4, 0/43 HPs)
             Began as an Ogre Gladiator on July 2, 2017.
             Slain by a hobgoblin
             ... wielding a +0 club
              (5 damage)
             ... on level 3 of the Dungeon.
             The game lasted 00:02:21 (2359 turns).

polve the Cudgeler (Ogre Gladiator)                 Turns: 2359, Time: 00:02:22

Health: 0/43       AC:  3    Str: 16    XL:     4   Next: 95%
Magic:  4/4        EV: 10    Int:  9    God:
Gold:   111        SH:  0    Dex: 13    Spells: 3/3 levels left

rFire    + . .     SeeInvis .   a - +0 flail
rCold    . . .     Gourm    .   (no shield)
rNeg     . . .     Faith    .   b - +0 robe
rPois    .         Spirit   .   c - +0 hat
rElec    .         Reflect  .   (no cloak)
rCorr    .         Harm     .   (gloves unavailable)
MR       .....                  (boots unavailable)
Stlth    +.........             (no amulet)
Regen    0.2/turn               (no ring)
MPRegen  0.1/turn               (no ring)

@: no status effects
A: unfitting armour, agile 1, fire resistance 1, frail 1, tough skin 1, weak 1
a: no special abilities


You were on level 3 of the Dungeon.
You were not hungry.

You visited 1 branch of the dungeon, and saw 3 of its levels.

You collected 111 gold pieces.

Inventory:

Hand Weapons
 a - a +0 flail (weapon)
Missiles
 d - 3 throwing nets (quivered)
Armour
 b - a +0 robe (worn)
 c - a +0 hat (worn)
Jewellery
 r - a +4 ring of dexterity {unknown}
Scrolls
 i - a scroll of immolation {unknown}
 j - a scroll of remove curse {unknown}
 k - a scroll of teleportation {unknown}
 l - a scroll of recharging {unknown}
Potions
 m - a potion of curing
 n - a potion of haste {unknown}
 o - a potion of degeneration {unknown}
 q - a potion of lignification {unknown}
Comestibles
 f - 5 bread rations
 g - 2 chunks of flesh
 h - 2 royal jellies
 p - a meat ration


   Skills:
 + Level 4.0 Fighting
 * Level 4.4 Maces & Flails
 - Level 2.0 Throwing
 - Level 2.6 Dodging


You had 3 spell levels left.
You didn't know any spells.

Dungeon Overview and Level Annotations

Branches:
Dungeon (3/15)

Altars:
Dithmenos

Annotations:
D:3 Sigmund


Innate Abilities, Weirdness & Mutations

You are too large for most types of armour.
You have tough skin. (AC +1)
You are agile. (Dex +2)
Your flesh is heat resistant. (rF+)
You are frail. (-10% HP)
You are weak. (Str -2)


Message History

The quokka closely misses you.
You hit the quokka.
The quokka is almost dead.
The quokka bites you.
* * * LOW HITPOINT WARNING * * *
You barely miss the quokka.
The quokka is almost dead.
The quokka barely misses you. The quokka bites you.
* * * LOW HITPOINT WARNING * * *
You hit the quokka but do no damage.
The quokka is almost dead.
The quokka barely misses you.
You closely miss the quokka.
The quokka is almost dead.
The quokka bites you.
* * * LOW HITPOINT WARNING * * *
You hit the quokka.
You kill the quokka!
You hit the hobgoblin but do no damage. The hobgoblin hits you with a club.
You die...

..########.#####.........#.
..............##.........#.
.....[...#....##.........#. .
..............##.........#.
...........#....#.........##.
#....####..#..............##.
#...............#.........##.
#.#.########.####.######.###.
#@# #.(#####..# #.
#g###.#.......# #. #
#.##..#.####..# #. #.
#.##.##.####..###. ###.####
#.##.##.##........
.......####
#......†....#.####
#......(#####.###>..(...#
#.#####.......g.........####
#..........#.############


You could see a hobgoblin.

Vanquished Creatures
  A hound (D:1)
  2 adders
  3 worms
  A dart slug (D:2)
  3 leopard geckos
  9 bats
  2 giant cockroaches (D:2)
  7 goblins
  8 hobgoblins
  A quokka (D:3)
  3 frilled lizards (D:1)
  4 kobolds
  7 rats
51 creatures vanquished.

Notes
Turn   | Place    | Note
-------+----------+-------------------------------------------
     0 | D:1      | polve the Ogre Gladiator began the quest for the Orb.
     0 | D:1      | Reached XP level 1. HP: 22/22 MP: 1/1
   297 | D:1      | Reached XP level 2. HP: 29/29 MP: 2/2
   699 | D:1      | Reached XP level 3. HP: 32/37 MP: 3/3
   955 | D:1      | Reached XP level 4. HP: 42/46 MP: 4/4
  2046 | D:3      | Found a shadowy altar of Dithmenos.
  2326 | D:3      | Noticed Sigmund
  2331 | D:3      | Gained mutation: You are frail. (-10% HP) [potion of mutation]
  2331 | D:3      | Gained mutation: You are weak. (Str -2) [potion of mutation]
  2331 | D:3      | Gained mutation: You are agile. (Dex +2) [potion of mutation]
  2331 | D:3      | Gained mutation: Your flesh is heat resistant. (rF+) [potion of mutation]
  2359 | D:3      | Slain by a hobgoblin

Skill      XL: |  1  2  3  4 |
---------------+-------------+-----
Maces & Flails | 3 4 |  4.4
Fighting       | 3 4 |  4.0
Throwing       | |  2.0
Dodging        | |  2.6

Action                   |  1- 3 |  4- 6 || total
-------------------------+-------+-------++-------
Melee: Flail             |    75 |    82 ||   157
  Use: Potion            |       |     3 ||     3
 Stab: Sleeping          |     1 |     2 ||     3
  Eat: Chunk             |       |     5 ||     5
Armor: Robe              |    27 |    21 ||    48
Dodge: Dodged            |    54 |    51 ||   105
